 Dungeon Crawl Stone Soup version 0.27.1-4-g1640c2035a (webtiles) character file.

Game seed: 13724892851680013013

116 raph the Chopper (level 4, -6/39 HPs)
             Began as a Minotaur Berserker on Nov 5, 2021.
             Was a Believer of Trog.
             Killed from afar by an orc wizard (7 damage)
             ... with a magic dart
             ... on level 3 of the Dungeon.
             The game lasted 00:03:16 (3081 turns).

raph the Chopper (Minotaur Berserker)               Turns: 3081, Time: 00:03:17

Health: -6/39      AC:  3    Str: 22    XL:     4   Next: 69%
Magic:  3/3        EV: 12    Int:  4    God:    Trog [**....]
Gold:   86         SH:  0    Dex: 10    Spells: 3/3 levels left

rFire    . . .     SeeInvis .   a - +1 hand axe
rCold    . . .     Faith    .   (no shield)
rNeg     . . .     Spirit   .   b - +0 animal skin
rPois    +         Reflect  .   (helmet restricted)
rElec    .         Harm     .   g - +0 cloak
rCorr    .         Rampage  .   (no gloves)
Will     .....                  (no boots)
Stlth    +.........             (no amulet)
HPRegen  0.13/turn              e - ring of poison resistance
MPRegen  0.08/turn              (no ring)

@: on berserk cooldown, slowed, very slow
A: horns 2, retaliatory headbutt
a: Renounce Religion, Berserk, Trog's Hand


You were on level 3 of the Dungeon.
You worshipped Trog.
Trog was pleased with you.
You visited 1 branch of the dungeon, and saw 3 of its levels.

You collected 86 gold pieces.

Inventory:

Hand Weapons
 a - a +1 hand axe (weapon)
Missiles
 c - 4 curare-tipped darts (quivered)
Armour
 b - a +0 animal skin (worn)
 f - a +0 buckler
 g - a +0 cloak (worn)
Jewellery
 e - a ring of poison resistance (left hand)
Scrolls
 d - a scroll of enchant weapon
 i - a scroll of magic mapping {unknown}
Potions
 h - a potion of flight


   Skills:
 - Level 3.6 Fighting
 + Level 6.6 Axes
 - Level 2.4 Armour
 - Level 2.1 Dodging


You had 3 spell levels left.
You didn't know any spells.
Your spell library was empty.

Dungeon Overview and Level Annotations

Branches:
Dungeon (3/15)

Altars:
Gozag
Xom

Shops:
D:2 (


Innate Abilities, Weirdness & Mutations

You have a pair of horns on your head.
You reflexively headbutt those who attack you in melee.


Message History

A puff of flame appears from out of thin air!
The puff of flame hits you.
You miss something. Your headbutt misses something. Something hits you.
Okay, then.
You miss something.
You feel less confused.
The orc hits you from afar with a +0 trident.
You hear some strange, mumbled words.
You are confused.
The orc throws a boomerang.
The boomerang hits you.
Things that are here:
a +0 club; 2 gold pieces; a jackal corpse Something hits you.
Things that are here:
a gold piece; a jackal corpse The orc misses you.
You hear some strange, mumbled words.
A puff of flame appears from out of thin air!
The puff of flame hits you!
* * * LOW HITPOINT WARNING * * *
The orc wizard hits you but does no damage.
The orc barely misses you.
You see here 2 gold pieces.
Okay, then.
You are too confused!
Unknown command.
Okay, then.
You hit the orc wizard.
The orc wizard is lightly wounded.
You barely miss something.
You feel less confused. Something barely misses you.
The orc wizard gestures at you while chanting.
The magic dart hits you.
* * * LOW HITPOINT WARNING * * *
The orc barely misses you.
You hear some strange, mumbled words.
A magic dart appears from out of thin air!
The magic dart hits you!
You die...

#...##†... .#####..#.....
#..........#.## #
#..####...##...
#.########.# ##..#..#.
##.#...#....# ##...###
#......$$$..## ##..#
#......$_$...# ##.###
.......$@{...########...#
........o)..............#
......o.....#############
.......#...##
......###### ......
...... ..... .....


You could see an orc wizard and an orc.

Vanquished Creatures
  A hound skeleton (D:2)
  2 adders (D:2)
  A worm (D:2)
  2 dart slugs (D:1)
  2 orcs (D:3)
  7 ball pythons
  8 endoplasms
  3 giant cockroaches
  3 hobgoblins (D:1)
  13 jackals
  3 kobolds (D:1)
  2 quokkas
  8 bats
  A frilled lizard (D:1)
  5 goblins
  3 rats
64 creatures vanquished.

Notes
Turn   | Place    | Note
-------+----------+-------------------------------------------
     0 | D:1      | raph the Minotaur Berserker began the quest for the Orb.
     0 | D:1      | Reached XP level 1. HP: 19/19 MP: 0/0
    39 | D:1      | Reached skill level 4 in Axes
   360 | D:1      | Reached XP level 2. HP: 14/26 MP: 1/1
   895 | D:1      | Reached skill level 5 in Axes
   904 | D:1      | Reached XP level 3. HP: 23/31 MP: 2/2
  1000 | D:1      | Reached ** piety under Trog
  1938 | D:2      | Reached skill level 6 in Axes
  1938 | D:2      | Reached XP level 4. HP: 18/39 MP: 3/3
  2463 | D:2      | Found a faded altar of an unknown god.
  2663 | D:2      | Found a shimmering altar of Xom.
  2745 | D:2      | Found Mepsyuge's Weapon Shop.
  3054 | D:3      | Found an opulent altar of Gozag.
  3081 | D:3      | HP: 1/39 [orc wizard/magic dart (5)]
  3081 | D:3      | Killed from afar by an orc wizard

Illustrated notes

Levels and vault maps discovered:
D:1:      tarquinn_simple_flora_water_e, layout_basic, minmay_misc_feat_chi
D:2:      layout_basic, basic_altar, ebering_ecumenical_altar_hall,
          serial_shops, shop
D:3:      layout_rooms, nicolae_gozag_seed_capital

Skill      XL: |  1  2  3 |
---------------+----------+-----
Axes           | 4 5 6 |  6.6
Fighting       | |  3.6
Armour         | |  2.4
Dodging        | |  2.1

Action                   |  1- 3 |  4- 6 || total
-------------------------+-------+-------++-------
Melee: Hand axe          |    88 |    38 ||   126
       Headbutt          |     9 |     6 ||    15
Invok: Berserk           |     1 |     2 ||     3
  Use: Scroll            |       |     3 ||     3
 Stab: Sleeping          |     1 |       ||     1
Armor: Animal skin       |    21 |    16 ||    37
Dodge: Dodged            |    69 |    22 ||    91
